 Dungeon Crawl Stone Soup version 0.30-a0-728-gc68057be0a (webtiles) character file.

Game seed: 538073997894130754

22158 scionoferis the Carver (level 12, -7/94 HPs)
             Began as a Demigod Hexslinger on Jan 30, 2023.
             Mangled by a minotaur
             ... wielding the +8 trident of the Gnashing Sybil {pain, Int+4}
              (39 damage)
             ... in a Gauntlet.
             The game lasted 00:47:19 (14537 turns).

scionoferis the Carver (Demigod Hexslinger)        Turns: 14537, Time: 00:47:20

Health: -7/94      AC:  8    Str: 20    XL:     12   Next: 29%
Magic:  16/16      EV: 24    Int: 15    God:
Gold:   1079       SH:  0    Dex: 34    Spells: 12/13 levels left

rFire   . . .      SeeInvis .    a - +3 great sword (elec)
rCold   . . .      Faith    .    (shield currently unavailable)
rNeg    . . .      Spirit   .    r - +2 leather armour {rPois}
rPois   +          Reflect  .    t - +2 hat "Pah Folo" {*Corrode Str+6 Dex+4}
rElec   .          Harm     .    A - +1 cloak {Will+}
rCorr   .          Rampage  .    n - +2 pair of gloves
Will    ++...      NoTele   +    (no boots)
Stlth   ++++                     F - amulet of Ixtyfeum {Regen+ Str+3}
HPRegen 1.15/turn                R - +4 ring of slaying
MPRegen 0.15/turn                g - +4 ring of slaying

@: corroded
A: high MP 1, forlorn, divine attributes
a: no special abilities


You were in a Gauntlet.
You visited 2 branches of the dungeon, and saw 14 of its levels.
You also visited: Gauntlet.

You collected 1365 gold pieces.
You spent 286 gold pieces at shops.


Innate Abilities, Weirdness & Mutations

You have an increased reservoir of magic. (+10% MP)
You shall have no god before yourself.
Your divine heritage dramatically boosts your attributes as you level up.


   Skills:
 - Level 5.0 Fighting
 * Level 12.5 Long Blades
 + Level 8.6 Ranged Weapons
 + Level 10.2 Dodging
 - Level 5.0 Stealth
 - Level 1.0 Spellcasting
 - Level 2.6 Hexes
 + Level 2.9 Evocations


You had 12 spell levels left.
You knew the following spells:

 Your Spells              Type           Power      Damage    Failure   Level
a - Slow                  Hex            32%        N/A       10%         1

Your spell library contained the following spells:

 Spells                   Type           Power      Damage    Failure   Level
 Summon Small Mammal      Summ           0%         N/A       28%         1
 Inner Flame              Hex/Fire       4%         N/A       45%         3
 Portal Projectile        Hex/Tloc       8%         N/A       45%         3
 Summon Guardian Golem    Hex/Summ       4%         N/A       45%         3
 Call Canine Familiar     Summ           0%         N/A       65%         3
 Cause Fear               Hex            4%         N/A       67%         4
 Animate Dead             Necr           0%         N/A       96%         4
 Borgnjor's Vile Clutch   Necr/Erth      0%         N/A       100%        5
 Summon Forest            Summ/Tloc      0%         N/A       100%        5
 Death Channel            Necr           0%         N/A       100%        6
 Eringya's Noxious Bog    Tmut/Pois      0%         N/A       100%        6
 Summon Hydra             Summ           0%         N/A       100%        7

Inventory:

Hand Weapons
 a - a +3 great sword of electrocution (weapon)
   (You took it off a wight on level 6 of the Dungeon)
 b - a +1 arbalest of freezing
   (You acquired it on level 6 of the Dungeon)
 C - the +4 rapier of World Downfall {flame, rC+ rCorr}
   (You found it in a Gauntlet)

   rC:        It protects you from cold.
   rCorr:     It protects you from acid and corrosion.
 D - a +2 sling
 L - a +2 dagger of venom
   (You took it off an orc priest on level 11 of the Dungeon)
Missiles
 H - 5 curare-tipped darts (quivered)
 I - 10 poisoned darts
 K - 6 atropa-tipped darts
Armour
 n - a +2 pair of gloves (worn)
   (You found it on level 2 of the Dungeon)
 r - a +2 leather armour of poison resistance (worn)
   (You bought it in a shop on level 4 of the Dungeon)
 t - the +2 hat "Pah Folo" (worn) {*Corrode Str+6 Dex+4}
   (You acquired it on level 8 of the Dungeon)

   Str:       It affects your strength (+6).
   Dex:       It affects your dexterity (+4).
   *Corrode:  It may corrode you when you take damage.
 A - a +1 cloak of willpower (worn)
   (You found it on level 5 of the Dungeon)
Jewellery
 g - a +4 ring of slaying (right hand)
   (You acquired it on level 6 of the Dungeon)
 j - a ring of protection from cold
   (You found it on level 1 of the Dungeon)
 y - a ring of resist corrosion
   (You found it on level 4 of the Dungeon)
 F - the amulet of Ixtyfeum (around neck) {Regen+ Str+3}
   (You found it in a Gauntlet)

   [amulet of regeneration]

   Str:       It affects your strength (+3).
   Regen:     It increases your rate of health regeneration.
 J - an amulet of regeneration
   (You found it on level 1 of the Lair of Beasts)
 R - a +4 ring of slaying (left hand)
   (You found it on level 12 of the Dungeon)
Wands
 d - a wand of light (8)
   (You found it on level 9 of the Dungeon)
 x - a wand of mindburst (7)
   (You took it off an orc wizard on level 10 of the Dungeon)
 S - a wand of flame (9)
   (You found it on level 12 of the Dungeon)
Scrolls
 i - 2 scrolls of teleportation
 k - 6 scrolls of magic mapping
 u - 3 scrolls of blinking
 v - 2 scrolls of poison
 E - 7 scrolls of fog
 G - a scroll of silence
Potions
 c - a potion of resistance {unknown}
 e - 3 potions of brilliance {unknown}
 f - 2 potions of mutation
 h - a potion of magic {unknown}
 l - 2 potions of might {unknown}
 m - 4 potions of curing
 o - 2 potions of degeneration {unknown}
 p - 2 potions of heal wounds
 q - a potion of ambrosia {unknown}
 s - 3 potions of attraction {unknown}
 w - 3 potions of lignification {unknown}
 B - 4 potions of flight {unknown}
Miscellaneous
 z - a lightning rod (4/4)
   (You found it in a Gauntlet)
 Q - a condenser vane
   (You found it on level 12 of the Dungeon)

Dungeon Overview and Level Annotations

Branches:
Dungeon (12/15)            Temple (0/1) D:7            Lair (2/5) D:8
    Orc (0/2) D:12        Gauntlet (1/1)
  Swamp: Lair:2-3    Shoals: Lair:2-3     Snake: Lair:2-3    Spider: Lair:2-3

Shops:
D:4 *:   D:5 [   D:11 (

Annotations:
D:9 Harold
D:11 Erolcha Gauntlet 12 transporters

.................................
...................§∩≈...........
#################################
#8# #8# #8##≈...............≈##8#
### ### ####8..©.©.©.©.©.©..8####
#§..............§≈#
#####.###.###.#####
###.###.###.### #..@H.........#
#.###.###.###.# #.............#
#######'####### #.# ∩.. ...⌠+
'⌠.. # ##..⌠


You could see a minotaur (blind).


Message History

You slash the gargoyle!
You destroy the gargoyle!
The tengu conjurer hits you! The tengu conjurer misses you.
The tengu conjurer closely misses you.
You slice the tengu conjurer!!
You kill the tengu conjurer!
The battlesphere dissipates.
You start resting.
A basilisk comes into view.
You slash the basilisk!
The basilisk is moderately wounded.
The basilisk gazes at you. You resist with almost no effort.
You slash the basilisk! Lightning courses through the basilisk!
You kill the basilisk!
You start resting.
HP restored.
Your +3 great sword of electrocution stops crackling.
Your +1 arbalest of freezing is covered in frost.
b - a +1 arbalest of freezing (weapon)
There is a broken door, spattered with blood here.
You see here a basilisk corpse.
You see here a +0 mace.
Things that are here:
a +0 buckler; a tengu corpse
Things that are here:
a +0 battleaxe; a +0 leather armour; a manticore corpse
l - 2 viscous yellow potions (gained 1)
You pick up a Fen Folio and begin reading...
You add the spells Summon Forest, Eringya's Noxious Bog and Summon Hydra to your library.
Found a stone staircase leading up.
There is an open door here.
There is an open door here.
There is an open door here.
A cyclops comes into view.
Your +1 arbalest of freezing stops glowing.
You hear the crackle of electricity.
a - a +3 great sword of electrocution (weapon)
The white ugly thing gurgles horribly!
A shadow comes into view.
There is an open door here.
You slice the white ugly thing!!
Lightning courses through the white ugly thing!
The white ugly thing is heavily wounded.
The white ugly thing kicks you! The white ugly thing freezes you!
You slice the white ugly thing!!
The white ugly thing is almost dead.
The white ugly thing kicks you! The white ugly thing freezes you!!
You barely miss the white ugly thing.
The white ugly thing is almost dead.
The white ugly thing barely misses you.
You slash the white ugly thing!
Lightning courses through the white ugly thing!
You kill the white ugly thing!
There is an open door here.
There is a stone staircase leading up here.
You climb upwards.
Level annotation: Erolcha
There is a stone staircase leading down here.
You start resting.
HP restored.
Your +3 great sword of electrocution stops crackling.
Your +1 arbalest of freezing is covered in frost.
b - a +1 arbalest of freezing (weapon)
You climb downwards.
There is a stone staircase leading up here.
Unknown command.
Search for what [Enter for "amulet", or ? for help]? sinv Unknown command.
There is an open door here.
There is an open door here.
You open the door.
There is an open door here.
You open the door.
There is an open door here.
You open the door.
Found an escape hatch in the ceiling.
Found a short sword and a ring mail.
There is an open door here.
You now have 917 gold pieces (gained 18).
You open the door.
There is an open door here.
You open the door.
Found a leather armour.
There is an open door here.
You pick up a book of Callings and begin reading...
You add the spells Summon Small Mammal, Call Canine Familiar and Summon Guardian Golem to your library.
You open the door.
There is an open door here.
You open the door.
There is an open door here.
There is an open door here.
You open the door.
There is an open door here.
S - a wand of flame (9)
You open the door.
A sourceless malevolence fills the Dungeon...
With a horrendous wail, an alarm goes off!
A sentinel's mark forms upon you.
Found 15 gold pieces.
There is an open door here.
There is an open door here.
There is an open door here.
There is an escape hatch in the ceiling here.
A mysterious force pulls you upwards. The hatch slams shut behind you.
Level annotation: Erolcha The sentinel's mark upon you fades away.
There is a stone staircase leading down here.
You climb downwards.
There is a stone staircase leading up here.
There is an open door here.
You open the door.
There is an open door here.
You now have 928 gold pieces (gained 11).
There is an open door here.
You open the door.
Found 5 stones.
There is an open door here.
There is an escape hatch in the floor here.
You now have 951 gold pieces (gained 23).
As you open the door, it creaks loudly!
There is an open door here.
There is an open door here.
You see here 5 stones.
Things that are here:
a +0 club; a +0 sling
Items here: )))).
Items here: ))))).
You see here a +0 giant spiked club.
You see here a +0 giant spiked club.
Items here: ))))).
Items here: )))).
The cyclops shouts!
You shoot a bolt. The bolt hits the cyclops!
The bolt freezes the cyclops.
The cyclops is heavily wounded.
You shoot a bolt. The bolt hits the cyclops!!
The bolt freezes the cyclops!
You kill the cyclops!
Your +1 arbalest of freezing stops glowing.
You hear the crackle of electricity.
a - a +3 great sword of electrocution (weapon)
The shadow slips into darkness.
The shadow flickers and vanishes!
Deactivating autopickup; reactivate with Ctrl-A.
You hit something.
The shadow strikes at you from the darkness!
Reactivating autopickup.
You barely miss the shadow.
The shadow is moderately damaged.
The shadow barely misses you.
You closely miss the shadow.
The shadow is moderately damaged.
The shadow barely misses you.
You hit the shadow.
The shadow is moderately damaged.
The shadow completely misses you. The shadow closely misses you.
You slash the shadow!
The shadow is severely damaged.
The shadow misses you.
You chop the shadow into pieces!!!
You destroy the shadow!
Your +3 great sword of electrocution stops crackling.
Your +1 arbalest of freezing is covered in frost.
b - a +1 arbalest of freezing (weapon)
HP restored.
There is an escape hatch in the ceiling here.
There is an open door here.
There is an open door here.
There is an open door here.
There is an open door here.
You now have 966 gold pieces (gained 15).
You open the door. You open the door.
Found a stone staircase leading down.
There is an open door here.
You open the door. 2 slime creatures come into view.
A slime creature comes into view.
Found a stone staircase leading down.
Found a shortbow.
The slime creature quivers.
There is an open door here.
You shoot a bolt. The slime creature quivers. x2
The bolt hits the slime creature!
The bolt freezes the slime creature.
The slime creature is lightly wounded.
Your +1 arbalest of freezing stops glowing.
You hear the crackle of electricity.
a - a +3 great sword of electrocution (weapon)
You slash the slime creature!
Lightning courses through the slime creature!
The slime creature is heavily wounded.
The slime creature barely misses you.
You hit the slime creature.
The slime creature is heavily wounded.
The slime creature hits you but does no damage.
You slash the slime creature!
The slime creature is lightly wounded.
The slime creature completely misses you. x3
You hit the slime creature.
The slime creature is severely wounded.
The slime creature hits you. x2; The slime creature misses you.
You hit the slime creature.
The slime creature is severely wounded.
The slime creature hits you.
The slime creature hits you but does no damage. x2
You slice the slime creature!!
The slime creature is almost dead.
The slime creature hits you. The slime creature misses you. x2
You slash the slime creature!
You kill the slime creature!
The slime creature hits you but does no damage.
The slime creature hits you! The slime creature closely misses you.
You slice the slime creature!!
The slime creature is heavily wounded.
The slime creature hits you! The slime creature barely misses you.
You slash the slime creature!
The slime creature is heavily wounded.
The slime creature hits you! The slime creature closely misses you.
You barely miss the slime creature.
The slime creature is heavily wounded.
The slime creature hits you! The slime creature closely misses you.
You slash the slime creature!
The slime creature is severely wounded.
The slime creature barely misses you. The slime creature hits you!
* * * LOW HITPOINT WARNING * * *
The slime creature completely misses you.
The slime creature closely misses you.
You feel much better. The slime creature closely misses you.
The slime creature barely misses you.
You carve the slime creature like a ham!!!
Lightning courses through the slime creature!
You kill the slime creature!
The slime creature barely misses you.
You slash the slime creature!
The slime creature is lightly wounded.
The slime creature hits you.
You slice the slime creature!!
The slime creature is heavily wounded.
The slime creature hits you but does no damage.
You slash the slime creature!
The slime creature is heavily wounded.
The slime creature closely misses you.
You barely miss the slime creature.
The slime creature is heavily wounded.
The slime creature barely misses you.
You slash the slime creature!
The slime creature is severely wounded.
The slime creature hits you but does no damage.
You slice the slime creature!!
You kill the slime creature!
Your +3 great sword of electrocution stops crackling.
Your +1 arbalest of freezing is covered in frost.
b - a +1 arbalest of freezing (weapon)
You start resting.
HP restored.
There is an open door here.
There is an open door here.
There is a stone staircase leading down here.
There is an open door here.
You open the door.
There is an open door here.
You open the door.
There is an open door here.
There is an open door here.
There is an open door here.
There is a broken door here.
There is an open door here.
You now have 980 gold pieces (gained 14).
There is an open door here.
There is an open door here.
There is an open door here.
Done exploring.
Search for what [Enter for "sinv", or ? for help]? d: Unknown command.
Search for what [Enter for "d:", or ? for help]? lair
There is an open door here.
There is an open door here.
There is a broken door here.
There is an open door here.
There is a stone staircase leading up here.
You climb upwards.
Level annotation: Erolcha
There is a stone staircase leading down here.
There is a stone staircase leading up here.
You climb upwards.
There is a stone staircase leading down here.
There is a stone staircase leading up here.
You climb upwards.
Level annotation: Harold
There is a stone staircase leading down here.
You see here a +0 robe.
Things that are here:
a +0 robe; a +0 dagger
There is a stone staircase leading up, spattered with blood here.
You climb upwards.
There is a stone staircase leading down here.
There is a staircase to the Lair here.
Items here: ) ???.
You drop a scroll of enchant weapon.
You drop a +0 vampiric dagger.
You drop a scroll of enchant armour.
You drop a ring of wizardry.
Unknown command.
Unknown command.
Setting a skill training target for Ranged Weapons at 18.0.
Setting a skill training target for Long Blades at 20.0.
Something appears at your feet!
Unknown command.
t - the +2 hat "Pah Folo" {*Corrode Str+6 Dex+4} You start removing your armour.
You continue taking off your +1 helmet. x4
You finish taking off your +1 helmet.
You start putting on your armour.
You continue putting on the +2 hat "Pah Folo" {*Corrode Str+6 Dex+4}. x5
You finish putting on the +2 hat "Pah Folo" {*Corrode Str+6 Dex+4}.
You feel stronger.
You feel agile.
Items here: )) = ???.
You drop a +1 helmet.
There is a staircase to the Lair here.
Your +1 arbalest of freezing stops glowing.
You hear the crackle of electricity.
a - a +3 great sword of electrocution (weapon)
You climb downwards.
Welcome to the Lair of Beasts!
There is a staircase back to the Dungeon here.
Your +3 great sword of electrocution stops crackling.
Your +1 arbalest of freezing is covered in frost.
b - a +1 arbalest of freezing (weapon)
Found a chain mail.
Nergalle and a komodo dragon come into view.
Nergalle is wielding a +1 dagger of protection.
Found 14 gold pieces.
Your +1 arbalest of freezing stops glowing.
You hear the crackle of electricity.
a - a +3 great sword of electrocution (weapon)
Nergalle shouts!
Nergalle completely misses you.
A wyvern comes into view.
You closely miss Nergalle. Nergalle hits you but does no damage.
The wyvern hisses angrily.
You slash Nergalle!
Nergalle is moderately wounded.
The wyvern bites the fungus.
The fungus begins to die.
The wyvern bites the fungus!
Nergalle completely misses you.
You slice Nergalle!!
Nergalle is severely wounded.
The wyvern bites the fungus.
Nergalle hits you with a +1 dagger of protection.
You closely miss Nergalle.
Nergalle is severely wounded.
The wyvern bites the fungus.
The wyvern bites the fungus!!
Nergalle hits you but does no damage.
You hit Nergalle.
Nergalle is severely wounded.
The wyvern bites the fungus.
Nergalle hits you with a +1 dagger of protection.
The wyvern hisses menacingly.
The wyvern bites the fungus!!
You slice Nergalle!!
You kill Nergalle!
A nearby fungus withers and dies.
You closely miss the wyvern. The wyvern misses you.
The wyvern barely misses you.
The komodo dragon hisses angrily.
You slice the wyvern!!
You kill the wyvern!
Your +3 great sword of electrocution stops crackling.
Your +1 arbalest of freezing is covered in frost.
b - a +1 arbalest of freezing (weapon)
You shoot a bolt.
The bolt closely misses the komodo dragon.
You shoot a bolt.
The bolt hits the komodo dragon but does no damage.
Your +1 arbalest of freezing stops glowing.
You hear the crackle of electricity.
a - a +3 great sword of electrocution (weapon)
You swing at nothing.
The komodo dragon barely misses you.
You slash the komodo dragon!
The komodo dragon is moderately wounded.
The komodo dragon closely misses you.
You slash the komodo dragon!
The komodo dragon is heavily wounded.
The komodo dragon misses you.
You hit the komodo dragon.
The komodo dragon is heavily wounded.
The komodo dragon barely misses you.
You slice the komodo dragon!!
You kill the komodo dragon!
You see here a komodo dragon corpse.
Items here: ) [ ††.
Okay, then.
Your +3 great sword of electrocution stops crackling.
Your +1 arbalest of freezing is covered in frost.
b - a +1 arbalest of freezing (weapon)
You now have 994 gold pieces (gained 14).
You now have 1018 gold pieces (gained 24).
Found a short sword.
A yak comes into view.
You shoot a bolt. The bolt hits the yak!!
The bolt freezes the yak!
The yak bellows!
The yak is almost dead.
You hear a bellow!
You shoot a bolt. The bolt hits the yak!
The bolt freezes the yak.
You kill the yak!
A yak comes into view.
Your Evocations skill increases to level 1!
You shoot a bolt. The bolt hits the yak!
The bolt freezes the yak.
The yak is moderately wounded.
You shoot a bolt. The bolt hits the yak!
The bolt freezes the yak.
The yak is heavily wounded.
You shoot a bolt. The bolt barely misses the yak.
You shoot a bolt. The bolt barely misses the yak.
A yak comes into view. x2
The yak attacks as you move away! The yak closely misses you.
The yak attacks as you move away! The yak completely misses you.
Your +1 arbalest of freezing stops glowing.
You hear the crackle of electricity.
a - a +3 great sword of electrocution (weapon)
The yak bellows! x2
You slice the yak!!
You kill the yak!
Your +3 great sword of electrocution stops crackling.
Your +1 arbalest of freezing is covered in frost.
b - a +1 arbalest of freezing (weapon)
You shoot a bolt. The bolt hits the yak.
The bolt freezes the yak.
The yak is lightly wounded.
You shoot a bolt. The bolt hits the yak!!
The bolt freezes the yak!
The yak is almost dead.
Your +1 arbalest of freezing stops glowing.
You hear the crackle of electricity.
a - a +3 great sword of electrocution (weapon)
You barely miss the yak.
The yak is almost dead.
The yak barely misses you. x2
You slash the yak!
You kill the yak!
You barely miss the yak. The yak gores you but does no damage.
You completely miss the yak. The yak gores you.
You slice the yak!!
The yak is severely wounded.
The yak misses you.
You slash the yak!
You kill the yak!
Your Long Blades skill increases to level 12!
No target in view!
Your +3 great sword of electrocution stops crackling.
Your +1 arbalest of freezing is covered in frost.
b - a +1 arbalest of freezing (weapon)
HP restored.
Things that are here:
a yak corpse; a yak corpse
C - a scroll of enchant weapon Unknown command.
Found two stone staircases leading down.
A bullfrog comes into view.
You shoot a bolt. The bolt hits the bullfrog!!
The bullfrog seems to slow down.
The bolt freezes the bullfrog!
You kill the bullfrog!
A wolf comes into view.
You shoot a bolt. The bolt hits the wolf!
The bolt freezes the wolf.
The wolf howls!
The wolf is heavily wounded.
You hear a howl! x2
A wolf comes into view. x2; A komodo dragon comes into view.
A wolf comes into view. x2
The wolf attacks as you move away! The wolf misses you.
The wolf bites you but does no damage.
There is a fountain of clear blue water here.
The wolf bites you but does no damage.
The wolf howls!
There is a fountain of clear blue water here.
The wolf attacks as you move away! The wolf closely misses you.
The wolf misses you.
Your +1 arbalest of freezing stops glowing.
You hear the crackle of electricity.
a - a +3 great sword of electrocution (weapon)
You barely miss the wolf. The wolf closely misses you. The wolf misses you.
The wolf closely misses you. The wolf completely misses you.
You slice the wolf!!
You kill the wolf!
The wolf misses you. x2; The wolf bites you. x2; The wolf closely misses you.
The wolf howls!
You slash the wolf!
The wolf is severely wounded.
You hear an angry hiss.
The wolf completely misses you. The wolf barely misses you.
The wolf misses you. The wolf completely misses you.
The wolf bites you but does no damage.
You slice the wolf!!
You kill the wolf!
The wolf closely misses you. The wolf barely misses you. The wolf bites you.
The wolf barely misses you.
You slice the wolf!!
You kill the wolf!
The wolf completely misses you. The wolf bites you.
Your corrosive artefact corrodes you!
The wolf misses you. The wolf completely misses you.
You slash the wolf!
The wolf is severely wounded.
The wolf bites you. The wolf bites you! The wolf closely misses you.
The wolf completely misses you.
You closely miss the wolf.
The wolf is severely wounded.
The wolf completely misses you. The wolf barely misses you. The wolf bites you.
You hit the wolf. Lightning courses through the wolf!
You kill the wolf!
The wolf completely misses you. The wolf closely misses you.
You have reached level 12!
Your experience leads to a dramatic increase in your attributes!
Your base attributes are Str 11, Int 15, Dex 26.
Increase (S)trength, (I)ntelligence, or (D)exterity?
You feel agile. x4
You closely miss the wolf. The wolf closely misses you.
The wolf completely misses you.
You slash the komodo dragon!
The komodo dragon is lightly wounded.
The wolf completely misses you.
The komodo dragon completely misses you.
The wolf misses you. The komodo dragon bites you!
You hit the komodo dragon.
The komodo dragon is moderately wounded.
The wolf misses you.
The komodo dragon completely misses you.
You slice the komodo dragon!!
The komodo dragon is almost dead.
The wolf misses you. The wolf closely misses you. The komodo dragon bites you!!
You slice the komodo dragon!!
You kill the komodo dragon!
The wolf misses you. The wolf completely misses you.
You closely miss the wolf. The wolf completely misses you. x2
You slice the wolf!!
You kill the wolf!
There is a fountain of clear blue water here.
You see here a wolf corpse.
You start resting.
You are no longer corroded.
You start resting.
A wolf comes into view.
Your +3 great sword of electrocution stops crackling.
Your +1 arbalest of freezing is covered in frost.
b - a +1 arbalest of freezing (weapon)
You shoot a bolt. The wolf howls!
The bolt hits the wolf.
The bolt freezes the wolf.
The wolf is moderately wounded.
You hear a howl! x2
A wolf comes into view.
The wolf moves out of view.
You shoot a bolt. The bolt hits the wolf!!
The bolt freezes the wolf.
You kill the wolf!
You hear a howl!
You shoot a bolt.
The bolt hits the wolf but does no damage.
A wolf comes into view.
You shoot a bolt. The bolt hits the wolf!!
The bolt freezes the wolf!
You kill the wolf!
You shoot a bolt. The bolt hits the wolf!
The bolt freezes the wolf!
You kill the wolf!
Your Dodging skill increases to level 10!
A bullfrog comes into view.
You shoot a bolt. The bolt closely misses the bullfrog.
The bullfrog gives a loud, deep croak!
The bullfrog misses you.
Your +1 arbalest of freezing stops glowing.
You hear the crackle of electricity.
a - a +3 great sword of electrocution (weapon)
The bullfrog hits you but does no damage.
You slash the bullfrog! Lightning courses through the bullfrog!
The bullfrog is almost dead.
The bullfrog misses you.
You slice the bullfrog!! Lightning courses through the bullfrog!
You kill the bullfrog!
Your +3 great sword of electrocution stops crackling.
Your +1 arbalest of freezing is covered in frost.
b - a +1 arbalest of freezing (weapon)
HP restored.
There is a fountain of clear blue water here.
J - an amulet of regeneration You start putting on your amulet.
You continue putting on your amulet of regeneration. x5
You finish putting on your amulet of regeneration.
The amulet throbs as it attunes itself to your uninjured body.
J - an amulet of regeneration (around neck)
N - 3 scrolls of amnesia A wolf comes into view.
You shoot a bolt. The bolt hits the wolf!!
The bolt freezes the wolf.
You kill the wolf!
e - 3 lumpy sapphire potions (gained 1)
A komodo dragon comes into view.
You shoot a bolt. The bolt hits the komodo dragon!
The bolt freezes the komodo dragon.
The komodo dragon hisses angrily.
The komodo dragon is heavily wounded.
You shoot a bolt. The bolt hits the komodo dragon!!
The komodo dragon seems to slow down.
The bolt freezes the komodo dragon.
The komodo dragon is almost dead.
You shoot a bolt. The bolt hits the komodo dragon!!
The bolt freezes the komodo dragon.
You kill the komodo dragon!
Found 8 stones.
s - 3 metallic amethyst potions (gained 2)
A water moccasin comes into view.
You shoot a bolt. The bolt hits the water moccasin!!
The bolt freezes the water moccasin.
You kill the water moccasin!
A cane toad comes into view.
You shoot a bolt. The bolt hits the cane toad!!
The cane toad seems to slow down.
The bolt freezes the cane toad!
The cane toad croaks.
The cane toad is almost dead.
You shoot a bolt. The bolt hits the cane toad!!
The bolt freezes the cane toad.
You kill the cane toad!
Your Evocations skill increases to level 2!
A komodo dragon comes into view.
You shoot a bolt. The komodo dragon hisses angrily.
The bolt hits the komodo dragon!
The bolt freezes the komodo dragon.
The komodo dragon is moderately wounded.
You shoot a bolt. The bolt hits the komodo dragon!!
The komodo dragon seems to slow down.
The bolt freezes the komodo dragon.
The komodo dragon is almost dead.
You shoot a bolt. The bolt hits the komodo dragon!
The komodo dragon seems to slow down.
The bolt freezes the komodo dragon.
You kill the komodo dragon!
Found a stone staircase leading down.
You now have 1041 gold pieces (gained 23).
k - 7 scrolls of magic mapping (gained 1)
There is a fountain of clear blue water here.
There is a stone staircase leading down here.
There is a fountain of clear blue water here.
Done exploring.
Okay, then.
Unknown command.
There is a fountain of clear blue water here.
There is a stone staircase leading down, spattered with blood here.
Your +1 arbalest of freezing stops glowing.
You hear the crackle of electricity.
a - a +3 great sword of electrocution (weapon)
You climb downwards.
You hear a distant snort.
Hark!
There is a gateway to a gauntlet on this level.
Find the entrance quickly before the gate is sealed!
Found a glowing war axe and a scroll of enchant armour.
There is a stone staircase leading up here.
As you read the scroll of magic mapping, it crumbles to dust.
You feel aware of your surroundings.
You sensed 1 shop/portal.
O - a scroll of enchant armour
Found a gate leading to a gauntlet.
Found a stone staircase leading up.
A yak comes into view.
A yak comes into view.
Found 6 stones. 2 yaks come into view.
The yak bellows! x2; You hear a bellow!
The yak closely misses you.
There is a stone staircase leading up here.
You slice the yak!!
The yak is almost dead.
The yak gores you. The yak misses you. The yak gores you but does no damage.
You climb upwards.
There is a stone staircase leading down here.
You hit the yak. Lightning courses through the yak!
You kill the yak!
The yak completely misses you.
You slice the yak!!
The yak is severely wounded.
The yak completely misses you.
You slice the yak!!
You kill the yak!
You climb downwards.
You hear a distant snort.
Hark!
There is a gateway to a gauntlet on this level.
Find the entrance quickly before the gate is sealed!
The yak completely misses you. x2
There is a stone staircase leading up, spattered with blood here.
You slice the yak!!
The yak is heavily wounded.
The yak closely misses you. The yak barely misses you.
You slice the yak!!
You kill the yak!
The yak gores you.
You slash the yak!
The yak is moderately wounded.
The yak misses you.
You slice the yak!!
You kill the yak!
You drop 2 scrolls labelled QUON LISAZXIS.
You drop a ring of flight.
You drop a scroll of enchant weapon.
You drop 2 scrolls labelled SUCU ICZIVAYSY.
You drop a scroll labelled UGRUULILETI.
You drop 3 scrolls of amnesia.
You drop a scroll of enchant armour.
There is a gate leading to a gauntlet here.
Beware, the minotaur awaits!
Press: ? - help, v - describe, . - travel, g - get item
Items here: = ??????.
The floor.
The world spins around you as you enter the gateway.
You enter a gauntlet!
The nature of this place prevents you from teleporting.
Found a gate leading back out of this place.
Found a transporter.
There is an empty arch of ancient stone here.
The slime creature quivers.
Found a transporter.
The yak bellows!
Found a transporter.
Found a transporter.
The elephant trumpets!
The dire elephant trumpets!
Found a transporter.
The elephant trumpets!
Found a short sword.
Found a transporter.
The moth of wrath's fur bristles in rage as it notices you.
Found a transporter.
Found a gate leading back out of this place.
Found a transporter.
Marking area around an orange crystal statue as unsafe for travelling.
The hell hound barks!
You hear a bark!
Found a transporter.
Found a box of beasts.
The hell hound barks!
The neqoxec shouts!
You hear a shout!
Found a transporter.
Found a transporter.
The neqoxec shouts!
Found a transporter.
Found a transporter.
The wolf howls! x2; You hear a howl!
Found a lightning rod (4/4).
The wolf howls!
The moth of wrath's fur bristles in rage as it notices you.
The slime creature quivers.
Found a transporter.
The jelly quivers.
Found a transporter.
Two slime creatures merge to form a large slime creature.
A large slime creature splits.
There is a transporter here.
The jelly quivers.
The slime creature jiggles.
The merfolk shouts!
The merfolk changes into a mana viper!
Found a transporter.
The mana viper changes into a redback!
Two slime creatures merge to form a large slime creature.
The jelly jiggles.
The ice dragon roars deafeningly!
The elephant trumpets! x2
The dire elephant trumpets!
You hear a trumpeting!
The moth of wrath's fur bristles in rage as it notices you.
Found a transporter.
The hell hound barks!
The hell hound pauses to sniff the ground.
The hell hound barks!
The hell hound pauses to sniff the ground.
Found a transporter.
The hell hound barks! x2
The hell hound pauses to sniff the ground.
The hell hound barks!
Partly explored, unvisited transporter.
Search for what [Enter for "lair", or ? for help]? gaunt Unknown command.
The hell hound pauses to sniff the ground.
Press: ? - help, v - describe, . - travel, g - get item Item here: a sparkling platinum ring.
The floor.
The hell hound stops to sniff the ground.
Okay, then.
Unknown command.
Press: ? - help, v - describe, . - travel, g - get item
Here: a fire elemental (fire blocked by a translucent stone wall) Item here: a peridot ring.
The floor.
The hell hound stops to sniff the ground.
Press: ? - help, v - describe, . - travel, g - get item Item here: a wavering ivory amulet.
The floor.
Unknown command.
Press: ? - help, v - describe, . - travel, g - get item Item here: a steaming rapier.
The floor.
Unknown command.
Press: ? - help, v - describe, . - travel, g - get item Item here: a pair of faintly glowing gloves.
The floor.
Unknown command.
The hell hound barks!
Press: ? - help, v - describe, . - travel, g - get item Item here: a moonstone ring.
The floor.
The moth of wrath's fur bristles in rage as it notices you.
The elephant trumpets!
You hear a trumpeting! x2
Press: ? - help, v - describe, . - travel, g - get item
Here: an elephant (fire blocked by a translucent stone wall) Item here: a glittering turquoise ring.
The floor.
Unknown command.
Press: ? - help, v - describe, . - travel A transporter.
Unknown command.
Unknown command.
The orange crystal statue glitters topaz in the dim dungeon light.
The hell hound barks! x2; You hear a bark!
The neqoxec shouts!
You hear a shout! x2
The cacodemon shouts!
The neqoxec shouts!
The wolf howls!
The hell hound barks!
The wolf howls!
The wolf howls!
The wolf howls!
The jelly quivers.
The moth of wrath's fur bristles in rage as it notices you.
The jelly quivers.
The slime creature quivers.
Two slime creatures merge to form a large slime creature.
The jelly quivers.
There is a transporter here.
The spark wasp buzzes angrily.
You hear an angry hiss.
The anaconda changes into a fire dragon!
The large slime creature jiggles.
The spark wasp changes into a bunyip!
Press: ? - help, v - describe, . - travel, g - get item Item here: a viscous yellow potion.
The floor.
Unknown command.
The fire dragon changes into a radroach!
There is a transporter here.
A large slime creature splits.
You enter the transporter and appear at another place.
You slice the slime creature!!
Lightning courses through the slime creature!
The slime creature is heavily wounded.
The slime creature barely misses you.
You slash the slime creature!
The slime creature is severely wounded.
The slime creature hits you but does no damage.
You slice the slime creature!!
Lightning courses through the slime creature!
You kill the slime creature!
The jelly misses you.
You slice the jelly!!
You kill the jelly!
The jelly quivers.
You slice the slime creature!!
The slime creature is moderately wounded.
The slime creature barely misses you.
You chop the slime creature into pieces!!!
You kill the slime creature!
You slash the jelly!
Your hands burn!
The jelly is heavily wounded.
The jelly closely misses you.
You slice the jelly!!
You kill the jelly!
You carve the jelly like a ham!!!
You kill the jelly!
Found a smoky black potion.
You now have 1079 gold pieces (gained 38).
h - a smoky black potion
There is a transporter here.
You enter the transporter and appear at another place.
There is a transporter here.
You enter the transporter and appear at another place.
You strike the helpless wolf from behind!
You slice the wolf!!
The wolf is severely wounded.
The wolf howls!
The wolf closely misses you.
The wolf howls!
You slice the wolf!!
You kill the wolf!
You hit the wolf.
The wolf is moderately wounded.
The wolf misses you. The wolf barely misses you.
You slice the wolf!!
You kill the wolf!
Things that are here:
a wolf corpse; a wolf corpse You chop the wolf into pieces!!!
You kill the wolf!
The moth of wrath misses you.
You slash the moth of wrath!
The moth of wrath is lightly wounded.
The moth of wrath closely misses you.
You slice the moth of wrath like a ripe choko!!!
You kill the moth of wrath!
You see here a moth of wrath corpse.
There is a transporter here.
You see here a moth of wrath corpse.
Things that are here:
a wolf corpse; a wolf corpse; a wolf corpse
There is a transporter landing site, spattered with blood here.
You slice the wolf!!
You kill the wolf!
You see here a wolf corpse.
You see here a lightning rod (4/4).
f - 2 potions of mutation (gained 1)
You see here a lightning rod (4/4).
z - a lightning rod (4/4)
You see here a wolf corpse.
There is a transporter landing site, spattered with blood here.
Things that are here:
a wolf corpse; a wolf corpse; a wolf corpse You see here a moth of wrath corpse.
There is a transporter here.
You enter the transporter and appear at another place.
The hell hound barks!
There is a transporter here.
The hell hound barks!
The hell hound pauses to sniff the ground.
There is a transporter here.
You enter the transporter and appear at another place.
Really walk into a travel-excluded area?
You slice the orange crystal statue!!
The orange crystal statue is moderately damaged.
You slash the orange crystal statue!
The orange crystal statue is heavily damaged.
You slash the orange crystal statue!
The orange crystal statue is severely damaged.
You slice the orange crystal statue!!
The orange crystal statue is almost destroyed.
You slice the orange crystal statue!!
You destroy the orange crystal statue!
You see here the +4 rapier of World Downfall {flame, rC+ rCorr}.
C - the +4 rapier of World Downfall {flame, rC+ rCorr}
u - 3 scrolls of blinking (gained 1)
There is a transporter here.
F - the amulet of Ixtyfeum {Regen+ Str+3}
There are no items here.
You start removing your amulet.
You continue taking off your amulet of regeneration. x4
You finish taking off your amulet of regeneration.
You start putting on your amulet.
You continue putting on the amulet of Ixtyfeum {Regen+ Str+3}. x5
You finish putting on the amulet of Ixtyfeum {Regen+ Str+3}.
The amulet of Ixtyfeum throbs as it attunes itself to your uninjured body.
You feel stronger.
F - the amulet of Ixtyfeum (around neck) {Regen+ Str+3}
There is a transporter here.
You enter the transporter and appear at another place.
You open the door.
A minotaur zombie and a minotaur come into view.
The minotaur is wielding the +8 trident of the Gnashing Sybil {pain, Int+4} and quivering silver javelins.
Found a book of Death.
Found a gate leading back out of this place.
Unknown command.
You barely miss the minotaur zombie. The minotaur zombie misses you.
The minotaur zombie barely misses you.
The minotaur bellows!
You hit the minotaur zombie but do no damage.
The minotaur zombie misses you. The minotaur zombie gores you.
You slice the minotaur zombie!!
The minotaur zombie is lightly damaged.
The minotaur zombie barely misses you.
The minotaur zombie gores you but does no damage.
You slice the minotaur zombie!!
The minotaur zombie is heavily damaged.
The minotaur hits you from afar with the +8 trident of the Gnashing Sybil {pain, Int+4}!!
You writhe in agony.
The minotaur zombie misses you. x2
You hit the minotaur zombie.
Lightning courses through the minotaur zombie!
The minotaur zombie is heavily damaged.
The minotaur closely misses you.
You slice the minotaur zombie!!
Lightning courses through the minotaur zombie!
The minotaur zombie is almost destroyed.
The minotaur zombie completely misses you. x2
The minotaur hits you from afar with the +8 trident of the Gnashing Sybil {pain, Int+4}!!
* * * LOW HITPOINT WARNING * * *
You writhe in agony.
* * * LOW HITPOINT WARNING * * *
Your corrosive artefact corrodes you!
You feel much better. The minotaur zombie misses you.
The minotaur zombie gores you.
The minotaur hits you from afar with the +8 trident of the Gnashing Sybil {pain, Int+4}!!
* * * LOW HITPOINT WARNING * * *
You writhe in agony.
* * * LOW HITPOINT WARNING * * *
You feel much better.
Okay, then.
Unknown command.
Aiming: Bolt of Light
Press: ? - help, Shift-Dir - straight line, f - minotaur
Aim: a minotaur, wielding the +8 trident of the Gnashing Sybil {pain, Int+4}, wearing a +0 chain mail, wearing a +5 ring of evasion and quivering silver javelins (64% to hit)
The bolt of light hits the minotaur!
The minotaur is lightly wounded.
The minotaur is blinded.
The minotaur hits you from afar with the +8 trident of the Gnashing Sybil {pain, Int+4}!
You writhe in agony.
* * * LOW HITPOINT WARNING * * *
The minotaur is no longer blind.
The minotaur throws a silver javelin.
The silver javelin misses you.
Aiming: Bolt of Light
Press: ? - help, Shift-Dir - straight line, f/p - minotaur
Aim: a minotaur, wielding the +8 trident of the Gnashing Sybil {pain, Int+4}, wearing a +0 chain mail, wearing a +5 ring of evasion and quivering silver javelins (lightly wounded, 64% to hit)
The bolt of light hits the minotaur!
The minotaur is moderately wounded.
The minotaur is blinded.
The bolt of light hits the minotaur zombie!
You destroy the minotaur zombie!
The minotaur hits you with the +8 trident of the Gnashing Sybil {pain, Int+4}!!!
You die...

Skill      XL: |  1  2  3  4  5  6  7  8  9 10 11 12 |
---------------+-------------------------------------+-----
Fighting       | 1 2 3 4 5 |  5.0
Ranged Weapons | 2 3 4 5 6 7 8 |  8.6
Dodging        | 2 3 4 5 6 8 9 10 | 10.2
Stealth        | 1 2 3 4 5 |  5.0
Long Blades    | 3 6 9 12 | 12.5
Evocations     | 1 2 |  2.9
Spellcasting   | |  1.0
Hexes          | |  2.6

Action                     |  1- 3 |  4- 6 |  7- 9 | 10-12 || total
---------------------------+-------+-------+-------+-------++-------
  Melee: Dagger            |    29 |    18 |       |       ||    47
         Great sword       |       |       |    86 |   200 ||   286
   Fire: Sling             |   134 |   184 |       |       ||   318
         Arbalest          |       |     1 |   143 |   165 ||   309
  Throw: Dart              |       |       |       |     4 ||     4
  Evoke: Wand              |       |       |       |     2 ||     2
    Use: Potion            |       |     2 |     1 |     4 ||     7
         Scroll            |       |     8 |     2 |     3 ||    13
   Stab: Invisible         |       |     3 |       |       ||     3
         Distracted        |       |       |       |     1 ||     1
 Armour: Robe              |     7 |    22 |       |       ||    29
         Leather armour    |       |     8 |    55 |    42 ||   105
  Dodge: Dodged            |    33 |    73 |   119 |   227 ||   452

Levels and vault maps discovered:
D:1:      eino_arrival_water_cross, layout_basic,
          shapermc_ecumenical_altar_flowoftime
D:2:      layout_rooms, basic_altar
D:3:      layout_loops_ring, gammafunk_ghost_smash, minmay_misc_feat_square,
          grunt_decor_fettered, reono_crystal_passage, uniq_crazy_yiuf_cottage
D:4:      layout_loops_cross, chequers_temple_overflow_statue_of_worship,
          serial_shops, kennysheep_mini, guppyfry_shop_venom
D:5:      layout_rooms, mainiacjoe_overflow_alcove_4, serial_shops, shop
D:6:      layout_rooms, mainiacjoe_overflow_surrounded_room,
          dreamdust_gnoll_farm
D:7:      layout_cave_pods, minmay_temple_entry_enclosed_plants,
          roderic_serpentine_path
D:8:      layout_loops_corners, dpeg_oklobed_lair
D:9:      layout_loops_cross, evilmike_ruin_ashenzari,
          mainiacjoe_overflow_concentric_impassable, zin_academy,
          grunt_qazlal_clouds, uniq_harold
D:10:     layout_basic, mainiacjoe_overflow_cross_hatched, marbit_many_paths,
          serial_ice, serial_ice_k, serial_ice_o, serial_ice_g, serial_ice_a
D:11:     layout_layer_cave, serial_shops, shop, uniq_erolcha
D:12:     layout_roguey, erik_orc_3, kb_tengu_band, uniq_lodul
Lair:1:   layout_chaotic_city, grunt_megastairs_3, uniq_nergalle
Lair:2:   layout_roguey, gauntlet_entry_generic, infiniplex_staircase_pool
Gauntlet: gammafunk_gauntlet_one_two_three [gammafunk_gauntlet_arena_corners,
          gammafunk_gauntlet_arena_spirals, gammafunk_gauntlet_arena_teeth,
          nicolae_gauntlet_arena_blocks, nicolae_gauntlet_arena_quarters,
          gammafunk_gauntlet_arena_grid, gammafunk_gauntlet_arena_chambers,
          nicolae_gauntlet_arena_x, nicolae_gauntlet_arena_grate_2,
          gauntlet_exit_hidden_loot]

Notes
Turn   | Place    | Note
-------+----------+-------------------------------------------
     0 | D:1      | scionoferis the Demigod Hexslinger began the quest for the
                  | Orb.
     0 | D:1      | Reached XP level 1. HP: 15/15 MP: 4/4
    42 | D:1      | Reached skill level 1 in Fighting
   113 | D:1      | Reached skill level 2 in Ranged Weapons
   200 | D:1      | Reached XP level 2. HP: 14/23 MP: 5/5
   257 | D:1      | Reached skill level 2 in Dodging
   879 | D:1      | Reached skill level 1 in Stealth
  1116 | D:2      | Reached XP level 3. HP: 28/28 MP: 6/6
  1433 | D:2      | Reached XP level 4. HP: 36/36 MP: 8/8
  1715 | D:3      | Reached skill level 3 in Ranged Weapons
  1732 | D:3      | You fall into a shaft and drop 2 floors!
  1732 | D:5      | Entered Level 5 of the Dungeon
  1777 | D:5      | Reached skill level 2 in Fighting
  1889 | D:4      | Reached skill level 2 in Stealth
  1920 | D:3      | Reached XP level 5. HP: 40/41 MP: 9/9
  1924 | D:3      | Noticed an ogre
  1959 | D:3      | Found a transporter.
  1962 | D:3      | Noticed GiantSquids's ghost (amateur BaHu)
  1962 | D:3      | Noticed an ogre
  1964 | D:3      | Found a transporter.
  1965 | D:3      | Noticed an ogre
  2466 | D:3      | Found a runed translucent door.
  2467 | D:3      | Noticed Crazy Yiuf
  2975 | D:4      | Noticed an ogre
  3261 | D:4      | Reached skill level 3 in Dodging
  3502 | D:4      | Found Ubelink's Book Shoppe.
  3587 | D:4      | Noticed a water moccasin
  3605 | D:4      | Killed a water moccasin
  3606 | D:4      | Reached skill level 4 in Ranged Weapons
  3606 | D:4      | Reached XP level 6. HP: 38/50 MP: 10/10
  3607 | D:4      | Found Rulyhij's Serpentskin Sales.
  3656 | D:4      | Bought a +2 leather armour of poison resistance for 208
                  | gold pieces
  3925 | D:5      | Found Qeukos's Antique Armour Shoppe.
  3978 | D:5      | Reached skill level 3 in Stealth
  4060 | D:5      | Reached skill level 3 in Fighting
  4336 | D:6      | Identified 2 scrolls of acquirement
  4337 | D:6      | Acquired a +1 arbalest of freezing
  4341 | D:6      | Acquired a +4 ring of slaying
  4389 | D:6      | Reached XP level 7. HP: 57/57 MP: 11/11
  4396 | D:6      | Reached skill level 5 in Ranged Weapons
  4549 | D:3      | Killed Crazy Yiuf
  4626 | D:4      | Reached skill level 4 in Dodging
  4702 | D:6      | Reached skill level 4 in Stealth
  4756 | D:6      | Reached XP level 8. HP: 50/66 MP: 12/12
  4757 | D:6      | Reached skill level 6 in Ranged Weapons
  4795 | D:6      | Reached skill level 4 in Fighting
  5200 | D:4      | Bought 5 curare-tipped darts for 78 gold pieces
  5364 | D:7      | Reached skill level 1 in Long Blades
  5547 | D:7      | Reached skill level 5 in Dodging
  5680 | D:7      | Reached skill level 2 in Long Blades
  5834 | D:7      | Found a staircase to the Ecumenical Temple.
  5946 | D:7      | Reached skill level 5 in Stealth
  6254 | D:8      | Found a staircase to the Lair.
  6402 | D:8      | Reached skill level 3 in Long Blades
  6402 | D:8      | Reached XP level 9. HP: 73/73 MP: 13/13
  6441 | D:8      | Reached skill level 5 in Fighting
  6766 | D:8      | Reached skill level 7 in Ranged Weapons
  6913 | D:8      | Reached skill level 4 in Long Blades
  7244 | D:3      | Killed GiantSquids's ghost
  7245 | D:3      | Reached skill level 6 in Dodging
  7532 | D:8      | Reached skill level 5 in Long Blades
  7855 | D:9      | Reached skill level 6 in Long Blades
  7957 | D:9      | Noticed a cyan ugly thing
  8255 | D:9      | Reached XP level 10. HP: 81/81 MP: 14/14
  8261 | D:9      | Reached skill level 8 in Ranged Weapons
  8461 | D:9      | Noticed Harold
  8811 | D:9      | Killed a cyan ugly thing
  8812 | D:9      | Reached skill level 7 in Long Blades
  8812 | D:9      | Reached skill level 7 in Dodging
  8839 | D:10     | Entered Level 10 of the Dungeon
  8927 | D:10     | Reached skill level 8 in Long Blades
  9510 | D:10     | Reached skill level 8 in Dodging
  9573 | D:10     | Reached skill level 9 in Long Blades
 10367 | D:11     | Found Riomerr's Weapon Shop.
 10393 | D:11     | Noticed a two-headed ogre
 10399 | D:11     | Killed a two-headed ogre
 10400 | D:11     | Reached XP level 11. HP: 71/86 MP: 15/15
 10735 | D:11     | Noticed Erolcha
 10809 | D:11     | Reached skill level 10 in Long Blades
 11481 | D:12     | Found a staircase to the Orcish Mines.
 11527 | D:12     | Noticed Lodul
 11540 | D:12     | Killed Lodul
 11556 | D:12     | Reached skill level 9 in Dodging
 11732 | D:12     | Noticed a deep elf pyromancer
 11740 | D:12     | Killed a deep elf pyromancer
 11834 | D:12     | Noticed a tengu warrior
 11838 | D:12     | Reached skill level 11 in Long Blades
 11842 | D:12     | Killed a tengu warrior
 12911 | D:8      | Acquired the +2 hat "Pah Folo" {*Corrode Str+6 Dex+4}
 12928 | Lair:1   | Entered Level 1 of the Lair of Beasts
 12937 | Lair:1   | Noticed Nergalle
 12965 | Lair:1   | Killed Nergalle
 13006 | Lair:1   | Reached skill level 1 in Evocations
 13025 | Lair:1   | Reached skill level 12 in Long Blades
 13069 | Lair:1   | Reached XP level 12. HP: 69/94 MP: 16/16
 13141 | Lair:1   | Reached skill level 10 in Dodging
 13513 | Lair:1   | Reached skill level 2 in Evocations
 13688 | Lair:2   | Found a gate leading to a gauntlet.
 13720 | Gauntlet | Entered a Gauntlet
 13720 | Gauntlet | Found a transporter.
 13724 | Gauntlet | Noticed an entropy weaver
 13730 | Gauntlet | Found a transporter.
 13745 | Gauntlet | Found a transporter.
 13750 | Gauntlet | Found a transporter.
 13755 | Gauntlet | Noticed a dire elephant
 13765 | Gauntlet | Found a transporter.
 13784 | Gauntlet | Found a transporter.
 13796 | Gauntlet | Found a transporter.
 13808 | Gauntlet | Found a transporter.
 13820 | Gauntlet | Found a transporter.
 13829 | Gauntlet | Noticed a cacodemon
 13832 | Gauntlet | Found a transporter.
 13849 | Gauntlet | Found a transporter.
 13867 | Gauntlet | Found a transporter.
 13869 | Gauntlet | Found a transporter.
 13894 | Gauntlet | Found a transporter.
 13896 | Gauntlet | Found a transporter.
 13916 | Gauntlet | Found a transporter.
 13932 | Gauntlet | Noticed an ice dragon
 13994 | Gauntlet | Found a transporter.
 14014 | Gauntlet | Found a transporter.
 14263 | Gauntlet | Noticed a spark wasp
 14265 | Gauntlet | Noticed an anaconda
 14268 | Gauntlet | an anaconda changed into a fire dragon
 14268 | Gauntlet | Noticed a fire dragon (shapeshifter)
 14271 | Gauntlet | a spark wasp changed into a bunyip
 14271 | Gauntlet | Noticed a bunyip (shapeshifter)
 14292 | Gauntlet | a fire dragon changed into a radroach
 14292 | Gauntlet | Noticed a radroach (shapeshifter)
 14485 | Gauntlet | Identified the +4 rapier of World Downfall {flame, rC+
                  | rCorr}
 14492 | Gauntlet | Identified the amulet of Ixtyfeum {Regen+ Str+3}
 14515 | Gauntlet | Identified the +8 trident of the Gnashing Sybil {pain,
                  | Int+4}
 14515 | Gauntlet | Noticed a minotaur
 14525 | Gauntlet | HP: 6/94 [minotaur/the +8 trident of the Gnashing Sybil
                  | {pain, Int+4} (6)]
 14537 | Gauntlet | Mangled by a minotaur

Vanquished Creatures
  A two-headed ogre (D:11)
  A tengu warrior (D:12)
  Nergalle (Lair:1)
  Lodul (D:12)
  An orange crystal statue (Gauntlet)
  A deep elf pyromancer (D:12)
  2 ugly things (D:9 D:12)
  2 cyclopes (D:12)
  A manticore (D:12)
  A moth of wrath (Gauntlet)
  A cane toad (Lair:1)
  2 gargoyles (D:11 D:12)
  A minotaur zombie (Gauntlet)
  5 komodo dragons (D:11 Lair:1)
  A tengu conjurer (D:12)
  2 trolls (D:10 D:11)
  2 hornets (D:9 D:10)
  5 slime creatures (D:12 Gauntlet)
  A centaur simulacrum (D:10)
  2 shadows (D:9 D:12)
  2 wyverns (D:10 Lair:1)
  2 wraiths (D:10 D:11)
  A basilisk (D:12)
  26 yaks (D:9 D:10 D:11 Lair:1 Lair:2)
  A warg (D:12)
  5 water moccasins (D:4 D:8 D:9 Lair:1)
  4 acid dragons (D:9 D:10 D:11)
  An orc warrior (D:10)
  4 ice beasts (D:6 D:7 D:10)
  3 black bears (D:5 D:7 D:8)
  2 sky beasts (D:7 D:8)
  The ghost of GiantSquids the Shooter, an amateur BaHu (D:3)
  14 ogres (D:3 D:4 D:5 D:12)
  2 centaurs (D:6 D:8)
  13 wolves (Lair:1 Gauntlet)
  A kobold brigand (D:7)
  2 scorpions (D:6)
  4 bullfrogs (D:7 Lair:1)
  9 wights (D:6 D:9)
  18 killer bees (D:8 D:9 D:10 D:11)
  9 jellies (D:4 D:5 D:6 D:8 Gauntlet)
  2 howler monkeys (D:5 D:10)
  3 electric eels (D:10)
  10 orc priests (D:6 D:8 D:11 D:12)
  4 hounds (D:5 D:4 D:6)
  3 iguanas (D:4 D:6 D:7)
  Crazy Yiuf (D:3)
  10 orc wizards (D:5 D:7 D:8 D:9 D:10)
  5 adders (D:2 D:4)
  3 gnolls (D:6)
  4 white imps (D:5 D:7 D:10)
  An ufetubus (D:10)
  2 worms (D:2 D:5)
  3 dart slugs (D:1 D:3)
  43 orcs (D:3 D:5 D:4 D:6 D:7)
  9 bats (D:1 D:2 D:3)
  5 endoplasms (D:1 D:2 D:4)
  3 giant cockroaches (D:2 D:3 D:4)
  7 goblins (D:2 D:3 D:4 D:12)
  7 hobgoblins (D:1 D:2 D:3 D:12)
  2 jackals (D:1)
  20 kobolds (D:1 D:2 D:3 D:4 D:7)
  3 quokkas (D:1 D:2 D:3)
  6 ball pythons (D:1 D:2 D:4)
  6 frilled lizards (D:1 D:2 D:3)
  8 rats (D:1 D:2 D:3)
328 creatures vanquished.

Vanquished Creatures (others)
  15 fungi (D:6 D:8 Lair:1)
  15 plants (D:1 D:8 Lair:1)
  9 withered plants (D:1)
39 creatures vanquished.

Grand Total: 367 creatures vanquished

Table legend: (Time is in decaauts)
 A = Elapsed time spent in this place.
 B = Non-inter-level travel time spent in this place.
 C = Inter-level travel time spent in this place.
 D = Time resting spent in this place.
 E = Time spent auto-exploring this place.
 F = Levels seen in this place.
 G = Mean time per level.
                   A        B        C        D        E       F      G
               +--------+--------+--------+--------+--------+-----+--------+
         Total |  14839 |  13526 |   1313 |   1539 |   8959 |  15 |  989.3 |
       Dungeon |  13215 |  11924 |   1291 |   1481 |   8130 |  12 | 1101.2 |
          Lair |    804 |    782 |     22 |     58 |    526 |   2 |  402.0 |
      Gauntlet |    818 |    818 |      0 |      0 |    303 |   1 |  818.0 |
               +--------+--------+--------+--------+--------+-----+--------+

Top non-repeatable levels by time:
     D:9: 1495 daAuts
    D:11: 1444 daAuts
     D:3: 1420 daAuts
    D:10: 1251 daAuts
     D:4: 1229 daAuts
    D:12: 1228 daAuts
     D:8: 1129 daAuts
     D:1: 1112 daAuts
     D:7: 952 daAuts
Gauntlet: 818 daAuts
  Lair:1: 765 daAuts
     D:5: 693 daAuts
     D:6: 672 daAuts
     D:2: 585 daAuts
  Lair:2: 39 daAuts

Table legend:
 A = Non-vault XP
 B = Vault XP
 C = Vault XP percentage of total XP
 D = Non-vault monster count
 E = Vault monster count
 F = Vault count percentage of total count
                 A         B        C        D         E       F
            +---------+---------+-------+---------+---------+-------
      Total |   23487 |    8168 |  25.8 |     265 |      63 |  19.2
            +---------+---------+-------+---------+---------+-------
        D:1 |      44 |       0 |   0.0 |      26 |       0 |   0.0
        D:2 |      78 |       0 |   0.0 |      26 |       0 |   0.0
        D:3 |     152 |     407 |  72.8 |      19 |       4 |  17.4
        D:4 |     294 |     175 |  37.3 |      14 |       4 |  22.2
        D:5 |     444 |       0 |   0.0 |      15 |       0 |   0.0
        D:6 |     969 |      85 |   8.1 |      20 |       4 |  16.7
        D:7 |     906 |       0 |   0.0 |      22 |       0 |   0.0
        D:8 |    1287 |       0 |   0.0 |      22 |       0 |   0.0
        D:9 |    3151 |       0 |   0.0 |      24 |       0 |   0.0
       D:10 |    3531 |     649 |  15.5 |      22 |       7 |  24.1
       D:11 |    3445 |       0 |   0.0 |      22 |       0 |   0.0
       D:12 |    4331 |    3304 |  43.3 |      11 |      27 |  71.1
     Lair:1 |    4008 |    1452 |  26.6 |      18 |       7 |  28.0
     Lair:2 |     395 |       0 |   0.0 |       2 |       0 |   0.0
   Gauntlet |     452 |    2096 |  82.3 |       2 |      10 |  83.3
            +---------+---------+-------+---------+---------+-------
